 Dungeon Crawl Stone Soup version 0.31-a0-167-g1c394c0614 (webtiles) character file.

Game seed: 531249806349647564

73 qw the Chopper (level 4, -1/28 HPs)
             Began as a Gargoyle Fighter on June 14, 2023.
             Slain by Terence
             ... wielding a +1 falchion of flaming
              (2 damage)
             ... on level 2 of the Dungeon.
             The game lasted 00:00:46 (1475 turns).

qw the Chopper (Gargoyle Fighter)                   Turns: 1475, Time: 00:00:46

Health: -1/28      AC: 10    Str: 22    XL:     4   Next: 27%
Magic:  4/4        EV:  9    Int:  8    God:
Gold:   108        SH:  4    Dex:  9    Spells: 3/3 levels left

rFire   . . .        Y - +0 war axe
rCold   . . .        c - +0 buckler
rNeg    + . .        b - +0 scale mail
rPois   inf          (no helmet)
rElec   +            (no cloak)
rCorr   .            (no gloves)
SInv    .            (no boots)
Will    .....        (no amulet) Stlth
                     (no ring)
HPRegen 0.24/turn    (no ring)
MPRegen 0.09/turn

%: no passive effects
@: no status effects
A: sickness immunity, AC +3, negative energy resistance 1, electricity
resistance, torment resistance 1, petrification resistance
a: no special abilities


You were on level 2 of the Dungeon.
You visited 1 branch of the dungeon, and saw 2 of its levels.

You collected 108 gold pieces.


Innate Abilities, Weirdness & Mutations

You are immune to sickness and miasma.
Your stone body is resilient. (AC +3)
You are immune to poison.
You resist negative energy. (rN+)
You are resistant to electric shocks. (rElec)
You are resistant to unholy torment.
You are immune to petrification.


   Skills:
 - Level 3.2 Fighting
 + Level 4.0 Axes
 - Level 3.2 Armour
 - Level 3.2 Shields


You had 3 spell levels left.
You didn't know any spells.
Your spell library was empty.

Inventory:

Hand Weapons
 f - a +1 hand axe of flaming
 Y - a +0 war axe (weapon)
Armour
 b - a +0 scale mail (worn)
 c - a +0 buckler (worn)
Potions
 a - a potion of mutation {unknown}
 d - a potion of might
 e - a potion of brilliance {unknown}
 j - a potion of invisibility {unknown}

Dungeon Overview and Level Annotations

Branches:
Dungeon (2/15)

Altars:
Kikubaaqudgha

Annotations:
D:2 Terence


Message History

The rat bites you but does no damage.
You barely miss the rat.
The rat is moderately wounded.
The rat closely misses you. You block Terence's attack.
The rat closely misses you.
You closely miss the rat.
The rat is moderately wounded.
You hit Terence. Terence hits you but does no damage. The rat misses you.
You slash the rat!
You kill the rat!
You hit Terence. Terence hits you but does no damage.
You hit Terence but do no damage.
Terence is moderately wounded.
Terence barely misses you. Terence closely misses you.
You closely miss Terence.
Terence is moderately wounded.
You block Terence's attack.
You hit Terence.
Terence is moderately wounded.
Terence hits you with a +1 falchion of flaming.
Terence burns you.
You hit Terence but do no damage.
Terence is moderately wounded.
Terence hits you with a +1 falchion of flaming.
Terence burns you. Terence barely misses you.
You barely miss Terence.
Terence is moderately wounded.
Terence hits you with a +1 falchion of flaming!
Terence burns you.
You barely miss Terence.
Terence is moderately wounded.
Terence hits you but does no damage.
You closely miss Terence.
Terence is moderately wounded.
Terence hits you with a +1 falchion of flaming.
Terence burns you.
Terence hits you with a +1 falchion of flaming.
You die...

...........##..
#.............##..
#.............##..
##.............##..
##..............##..
#...............##..
#.~~.~}~P~....%%%+..
#.~@%P...~....)..#..
#..@####.P.+####'#..
#.}..._#.~..# #.....
#.}.####.~..# #....#
##.}.....P~..# #....#
#..}}~P~~.~.'###....#
#...................#
#...................#
###.................#
#..............#..#


You could see Terence.

Vanquished Creatures
  4 adders (D:2)
  2 dart slugs (D:2)
  2 bats
  An endoplasm (D:2)
  2 giant cockroaches
  A goblin (D:2)
  2 hobgoblins
  4 jackals (D:1)
  A quokka (D:1)
  2 ball pythons (D:1)
  5 frilled lizards
  6 kobolds
  5 rats
37 creatures vanquished.

Notes
Turn   | Place    | Note
-------+----------+-------------------------------------------
     0 | D:1      | qw the Gargoyle Fighter began the quest for the Orb.
     0 | D:1      | Reached XP level 1. HP: 14/14 MP: 1/1
     0 | D:1      | 0 ||| qw: Version: 0.2-a-29-g1fa15c8
     0 | D:1      | 0 ||| qw: Game counter: 4903
     0 | D:1      | 0 ||| qw: Always use a shield: true
     0 | D:1      | 0 ||| qw: God list: Okawaru
     0 | D:1      | 0 ||| qw: Allow faded altars: false
     0 | D:1      | 0 ||| qw: Do Orc after D:15 true
     0 | D:1      | 0 ||| qw: Do second Lair branch before Depths: true
     0 | D:1      | 0 ||| qw: Lair rune preference: random
     0 | D:1      | 0 ||| qw: Plans: Normal, Zot:1-4, Slime:5, God:TSO, Crypt,
                  | Tomb, Abyss, Pan, Hells, Win
     0 | D:1      | 0 ||| PLANNING D:1-11
    53 | D:1      | Reached skill level 2 in Axes
   113 | D:1      | 113 ||| Stepping ~*~*~tactically~*~*~ (stealth).
   123 | D:1      | 123 ||| Stepping ~*~*~tactically~*~*~ (stealth).
   124 | D:1      | 124 ||| Stepping ~*~*~tactically~*~*~ (stealth).
   127 | D:1      | Reached XP level 2. HP: 19/19 MP: 2/2
   137 | D:1      | 137 ||| Stepping ~*~*~tactically~*~*~ (hiding).
   343 | D:1      | 343 ||| DROPPING +0 whip.
   352 | D:1      | 352 ||| Stepping ~*~*~tactically~*~*~ (stealth).
   595 | D:1      | 595 ||| DROPPING +0 mace.
   925 | D:1      | 925 ||| READING scroll labelled ORETAL GAOLL.
   929 | D:1      | 929 ||| READING scroll labelled QER ECYAS KYFOTA.
   930 | D:1      | 930 ||| READING scroll labelled MUTEFO XOEL.
  1042 | D:2      | Reached skill level 3 in Axes
  1042 | D:2      | Reached XP level 3. HP: 23/23 MP: 3/3
  1178 | D:2      | Reached XP level 4. HP: 18/28 MP: 4/4
  1240 | D:2      | 1240 ||| DROPPING +2 heavy mace.
  1276 | D:2      | Found an ancient bone altar of Kikubaaqudgha.
  1418 | D:2      | Reached skill level 4 in Axes
  1451 | D:2      | Found a faded altar of an unknown god.
  1461 | D:2      | Noticed Terence
  1475 | D:2      | HP: 4/28 [Terence/+1 falchion of flaming (5)]
  1475 | D:2      | HP: 1/28 [Terence/+1 falchion of flaming (3)]
  1475 | D:2      | Slain by Terence

Levels and vault maps discovered:
D:1:      dpeg_arrival_arbitrary_c, layout_loops_ring, st_stairs_9
D:2:      layout_basic, serial_curves, eino_curves_03, eino_curves_02,
          eino_curves_02, shapermc_ecumenical_altar_acropolis, basic_altar,
          uniq_terence

Skill      XL: |  1  2  3  4 |
---------------+-------------+-----
Axes           | 2 3 4 |  4.0
Fighting       | |  3.2
Armour         | |  3.2
Shields        | |  3.2

Action                     |  1- 3 |  4- 6 || total
---------------------------+-------+-------++-------
  Melee: War axe           |   105 |    36 ||   141
    Use: Scroll            |     3 |       ||     3
 Armour: Scale mail        |    63 |    14 ||    77
  Dodge: Dodged            |    59 |    15 ||    74
  Block: Buckler           |    25 |     5 ||    30

Table legend:
 A = Non-vault XP
 B = Vault XP
 C = Vault XP percentage of total XP
 D = Non-vault monster count
 E = Vault monster count
 F = Vault count percentage of total count
                 A         B        C        D         E       F
            +---------+---------+-------+---------+---------+-------
      Total |     101 |       4 |   3.8 |      34 |       3 |   8.1
            +---------+---------+-------+---------+---------+-------
        D:1 |      21 |       4 |  16.0 |      13 |       3 |  18.8
        D:2 |      80 |       0 |   0.0 |      21 |       0 |   0.0
            +---------+---------+-------+---------+---------+-------
